 Dungeon Crawl Stone Soup version 0.31-a0-426-g3a05650e59 (webtiles) character file.

Game seed: 6486102148976208326

8971 CraigForest the Carver (level 11, -9/83 (85) HPs)
             Began as a Demonspawn Monk on July 31, 2023.
             Was a Follower of Uskayaw.
             Mangled by a sixfirhy (11 damage)
             ... summoned by an obsidian statue
             ... on level 10 of the Dungeon.
             The game lasted 00:55:20 (9624 turns).

CraigForest the Carver (Demonspawn Monk)            Turns: 9624, Time: 00:55:21

HP:   -9/83 (85)    AC:  3    Str: 11      XL:     11   Next: 16%
MP:   15/15         EV: 20    Int: 16      God:    Uskayaw [*.....]
Gold: 429           SH:  0    Dex: 17 (20) Spells: 12/15 levels left

rFire   . . .        J - +0 long sword
rCold   . . .        d - orb {light}
rNeg    + . .        c - +0 leather armour of the Fiddle {-Tele Int+2 Slay+3 Stlth+}
rPois   .            (helmet restricted)
rElec   .            (no cloak)
rCorr   .            (no gloves)
SInv    .            (no boots)
Will    .....        (no amulet)
Stlth   +            o - ring of positive energy
HPRegen 0.33/turn    g - +5 ring of evasion
MPRegen 0.14/turn

%: no teleportation, random rage (9%)
@: mighty, on berserk cooldown, slowed, glowing, studying Necromancy, lightly
drained, very slow
A: antennae 1, demonic guardian 3, powered by pain 2, big brain 1, berserk 2
a: Renounce Religion, Stomp


You were on level 10 of the Dungeon.
You worshipped Uskayaw.
Uskayaw was noncommittal.
You visited 2 branches of the dungeon, and saw 11 of its levels.

You collected 429 gold pieces.

Inventory:

Hand Weapons
 A - a +2 spear of pain
 B - a +4 rapier
 E - a +1 trident of flaming
 J - a +0 long sword (weapon)
Missiles
 F - 7 javelins
 I - 8 poisoned darts
 K - 2 curare-tipped darts
 M - 2 throwing nets
Armour
 b - a +0 robe
 c - the +0 leather armour of the Fiddle (worn) {-Tele Int+2 Slay+3 Stlth+}
   (You found it on level 4 of the Dungeon)

   Int:       It affects your intelligence (+2).
   Slay:      It affects your accuracy & damage with ranged weapons and melee
   (+3).
   -Tele:     It prevents most forms of teleportation.
   Stlth:     It makes you more stealthy.
 d - an orb of light (worn)
 e - a +0 helmet
 f - a +0 leather armour
 t - a +0 ring mail
 w - a +3 leather armour of fire resistance
 C - a +0 robe of positive energy
 O - the +4 robe of Folly {Brill Will-∞ Int+8}
   (You found it on level 10 of the Dungeon)

   Brill:     It increases the power of your magical spells and halves their MP
   cost (rounding up).
   Will-∞: It reduces your willpower to zero.
   Int:       It affects your intelligence (+8).
Magical Staves
 y - a staff of cold
 D - a staff of death
Jewellery
 g - a +5 ring of evasion (right hand)
 o - a ring of positive energy (left hand)
 P - a ring of resist corrosion
Wands
 u - a wand of acid (8)
 L - a wand of flame (9)
 N - a wand of digging (7)
Scrolls
 k - 2 scrolls of fog
 m - 2 scrolls of noise
 n - a scroll of torment {unknown}
 p - 8 scrolls of teleportation
 q - a scroll of blinking {unknown}
 r - a scroll of vulnerability {unknown}
 x - a scroll of poison {unknown}
 G - a scroll of amnesia {unknown}
 H - a scroll of fear
Potions
 a - a potion of cancellation {unknown}
 h - 3 potions of brilliance
 i - 2 potions of invisibility
 j - 2 potions of attraction
 l - 4 potions of curing
 s - a potion of might {unknown}
 v - a potion of heal wounds
 z - a potion of resistance


   Skills:
 + Level 7.7 Fighting
 + Level 10.8 Long Blades
 + Level 5.2 Armour
 + Level 7.3 Dodging
 + Level 2.9 Spellcasting
 + Level 2.6 Conjurations
 * Level 4.9 Invocations


You had 12 spell levels left.
You knew the following spells:

 Your Spells              Type           Power      Damage    Failure   Level
a - Magic Dart            Conj           40%        1d5       9%          1
b - Searing Ray           Conj           20%        2d5       12%         2

Your spell library contained the following spells:

 Spells                   Type           Power      Damage    Failure   Level
 Momentum Strike          Conj/Tloc      12%        3d8       22%         2
 Necrotise                Necr           8%         1d4       24%         1
 Blink                    Tloc           4%         N/A       36%         2
 Lesser Beckoning         Tloc           4%         N/A       36%         2
 Sublimation of Blood     Necr           2%         N/A       36%         2
 Wereblood                Tmut           2%         N/A       36%         2
 Vampiric Draining        Necr           2%         2d6       58%         3
 Fulminant Prism          Conj/Hex       3%         3d5       80%         4
 Animate Armour           Summ/Erth      4%         N/A       94%         4
 Summon Lightning Spire   Summ/Air       2%         N/A       94%         4
 Agony                    Necr           2%         N/A       100%        5
 Lee's Rapid Deconstruct  Erth           1%         3d4*      100%        5
 Summon Hydra             Summ           1%         N/A       100%        7


Dungeon Overview and Level Annotations

Branches:
Dungeon (10/15)            Temple (1/1) D:7            Lair (0/5) D:8
    Orc (0/2) D:9

Altars:
Ashenzari
Cheibriados
Dithmenos
Fedhas
Gozag
Hepliaklqana
Kikubaaqudgha
Makhleb
Nemelex Xobeh
Okawaru
Qazlal
Ru
Sif Muna
Trog
Uskayaw
Vehumet
Wu Jian
Xom
Yredelemnul

Annotations:
D:10 exclusion: obsidian statue


Innate Abilities, Weirdness & Mutations

You have a pair of small antennae on your head.
A powerful demonic guardian rushes to your aid.
You sometimes gain power by taking damage.
You have an unusually large brain. (Int +2)
You have an uncontrollable temper.


Message History

The soul eater is moderately wounded.
The soul eater hits you.
You can now pass through a line of other dancers.
You hit the soul eater but do no damage.
The soul eater is moderately wounded.
The soul eater hits you! You partially resist.
You feel drained.
The soul eater draws from the surrounding life force!
The soul eater is healed.
As you open the door, it creaks loudly! The sixfirhy barely misses you.
The sixfirhy hits you.
* * * LOW HITPOINT WARNING * * *
The sixfirhy shocks you!
* * * LOW HITPOINT WARNING * * *
A demonic guardian appears!
The sixfirhy barely misses you.
The soul eater hits you but does no damage.
The soul eater draws from the surrounding life force!
* * * LOW HITPOINT WARNING * * *
The soul eater is healed.
You feel much better. The white imp gestures at you.
The puff of frost hits you!
* * * LOW HITPOINT WARNING * * *
The soul eater draws from the surrounding life force!
* * * LOW HITPOINT WARNING * * *
The soul eater is healed.
The white imp gestures at you.
The puff of frost hits your soul eater but does no damage.
You can no longer pass through a line of other dancers.
You feel much better. The sixfirhy hits you!
* * * LOW HITPOINT WARNING * * *
The sixfirhy shocks you!
* * * LOW HITPOINT WARNING * * *
You focus on the pain.
You feel very mighty all of a sudden. The sixfirhy hits you!
* * * LOW HITPOINT WARNING * * *
You focus on the pain.
You feel mightier all of a sudden. The sixfirhy shocks you!
You die...

...........# ..........#
...........# ##........#
..<..?)$..# ........#.#
#..[###?.# ........[[#
#.:)#8#..############....<#
##.)###:............#.....#
##.(.55#5..........'.....#
##...##33.........#.....#
###..53@.........#.###.#
######'#########.....#
...............#
..#..........#.#
..#...####...#.#
...............#
################


You could see a soul eater (summoned), a sixfirhy (summoned), a quasit
(summoned), a white imp (summoned, ally target) and a friendly soul eater
(summoned).

Vanquished Creatures
  Harold (D:9)
  A centaur warrior (D:10)
  A two-headed ogre (D:9)
  A troll (D:9)
  Grinder (D:3)
  A yak (D:8)
  2 wyverns (D:9)
  3 water moccasins
  2 ice beasts (D:5)
  4 orc warriors
  2 black bears
  2 ogres
  6 centaurs
  3 kobold brigands (D:8)
  Blork the orc (D:6)
  3 bullfrogs
  A gnoll sergeant (D:4)
  A scorpion (D:4)
  6 killer bees
  2 howler monkeys
  3 jellies
  A gnoll bouda (D:8)
  8 orc priests
  4 hounds
  8 orc wizards
  A sleepcap (D:6)
  4 iguanas
  6 gnolls
  8 adders
  2 shadow imps
  2 white imps
  An ufetubus (D:7)
  A worm (D:2)
  19 orcs
  6 ball pythons
  7 endoplasms
  A giant cockroach (D:3)
  8 goblins
  5 hobgoblins
  11 jackals
  3 quokkas
  8 bats
  2 frilled lizards (D:2)
  4 kobolds
  5 rats
172 creatures vanquished.

Vanquished Creatures (collateral kills)
  A boulder beetle (D:8)
  Pikel (D:5)
  A cyclops (D:8)
  3 yaks (D:8)
  A warg (D:9)
  A water moccasin (D:7)
  An ogre (D:4)
  A lemure (D:5)
  A kobold brigand (D:8)
  A bullfrog (D:8)
  A scorpion (D:5)
  A killer bee (D:8)
  A howler monkey (D:5)
  3 orc priests
  4 iguanas
  3 orc wizards
  2 sleepcaps
  3 gnolls (D:4)
  3 adders
  A white imp (D:7)
  A dart slug (D:4)
  9 orcs
  A hobgoblin (D:4)
  A kobold (D:4)
46 creatures vanquished.

Grand Total: 218 creatures vanquished

Notes
Turn   | Place    | Note
-------+----------+-------------------------------------------
     0 | D:1      | CraigForest the Demonspawn Monk began the quest for the
                  | Orb.
     0 | D:1      | Reached XP level 1. HP: 18/18 MP: 1/1
   279 | D:1      | Reached skill level 3 in Long Blades
   279 | D:1      | Gained mutation: A weak demonic guardian rushes to your
                  | aid. [demonic ancestry]
   279 | D:1      | Reached XP level 2. HP: 20/24 MP: 2/2
   588 | D:1      | Gained mutation: You have an unusually large brain. (Int
                  | +2) [demonic ancestry]
   588 | D:1      | Reached XP level 3. HP: 29/29 MP: 3/3
  1574 | D:2      | Gained mutation: You sometimes gain a little power by
                  | taking damage. [demonic ancestry]
  1574 | D:2      | Reached XP level 4. HP: 35/37 MP: 4/4
  1674 | D:2      | Reached skill level 1 in Armour
  1859 | D:2      | Learned a level 1 spell: Magic Dart
  1884 | D:3      | Learned a level 2 spell: Searing Ray
  2531 | D:3      | Noticed Grinder
  2548 | D:3      | Killed Grinder
  2549 | D:3      | Reached skill level 4 in Long Blades
  2549 | D:3      | Reached XP level 5. HP: 21/42 MP: 5/5
  2549 | D:3      | Gained mutation: A demonic guardian rushes to your aid.
                  | [demonic ancestry]
  2549 | D:3      | Reached XP level 6. HP: 24/48 MP: 6/6
  2800 | D:4      | HP: 1/48 [orc priest/divine providence (15)]
  2843 | D:4      | Identified the +0 leather armour of the Fiddle {-Tele Int+2
                  | Slay+3 Stlth+}
  3040 | D:4      | Gained mutation: A powerful demonic guardian rushes to your
                  | aid. [demonic ancestry]
  3040 | D:4      | Reached XP level 7. HP: 37/55 MP: 2/8
  3042 | D:4      | Reached skill level 1 in Conjurations
  3305 | D:4      | Reached skill level 5 in Long Blades
  3305 | D:4      | Reached skill level 1 in Spellcasting
  3356 | D:4      | Found a snail-covered altar of Cheibriados.
  3793 | D:5      | Entered Level 5 of the Dungeon
  3807 | D:5      | Reached skill level 5 in Fighting
  3807 | D:5      | Reached XP level 8. HP: 25/62 MP: 10/10
  3814 | D:5      | Reached skill level 6 in Long Blades
  3862 | D:5      | You fall into a shaft and drop 2 floors!
  4046 | D:5      | Noticed Pikel
  4060 | D:5      | Killed Pikel
  4061 | D:5      | Reached skill level 7 in Long Blades
  4458 | D:5      | Reached skill level 5 in Dodging
  4458 | D:5      | Gained mutation: You sometimes gain power by taking damage.
                  | [demonic ancestry]
  4458 | D:5      | Reached XP level 9. HP: 62/69 MP: 12/12
  4866 | D:6      | Noticed Blork the orc
  4878 | D:6      | Killed Blork the orc
  4880 | D:6      | Reached skill level 8 in Long Blades
  5267 | D:6      | Found a bloodstained altar of Trog.
  5267 | D:6      | Found a blossoming altar of Fedhas.
  5673 | D:7      | Found a staircase to the Ecumenical Temple.
  5692 | Temple   | Entered the Ecumenical Temple
  5767 | Temple   | Became a worshipper of Uskayaw the Reveller
  5767 | Temple   | Reached * piety under Uskayaw
  6254 | D:7      | Reached ** piety under Uskayaw
  6666 | D:8      | Reached *** piety under Uskayaw
  6669 | D:8      | Reached **** piety under Uskayaw
  6671 | D:8      | Reached skill level 9 in Long Blades
  6956 | D:8      | Found a staircase to the Lair.
  6973 | D:8      | Found a runed translucent door.
  7022 | D:8      | Reached XP level 10. HP: 60/77 MP: 13/13
  7035 | D:8      | Reached ***** piety under Uskayaw
  7048 | D:8      | Noticed a cyclops
  7048 | D:8      | Noticed a boulder beetle
  7054 | D:8      | Killed a cyclops
  7055 | D:8      | Reached skill level 1 in Invocations
  7060 | D:8      | Killed a boulder beetle
  7366 | D:8      | Reached skill level 10 in Long Blades
  7371 | D:8      | Found a runed translucent door.
  7397 | D:8      | Gained mutation: Your muscles are strong. (Str +4, Int/Dex
                  | -1) [potion of mutation]
  7397 | D:8      | Gained mutation: You sometimes lose your temper in combat.
                  | [potion of mutation]
  7397 | D:8      | Gained mutation: You are agile. (Dex +4, Str/Int -1)
                  | [potion of mutation]
  7398 | D:8      | Lost mutation: You are agile. (Dex +4, Str/Int -1) [potion
                  | of mutation]
  7398 | D:8      | Lost mutation: Your muscles are strong. (Str +4, Int/Dex
                  | -1) [potion of mutation]
  7398 | D:8      | Gained mutation: You have an uncontrollable temper. [potion
                  | of mutation]
  7943 | D:9      | Noticed Harold
  7953 | D:9      | Killed Harold
  7956 | D:9      | Reached skill level 5 in Armour
  7956 | D:9      | Reached ****** piety under Uskayaw
  7960 | D:9      | Found a staircase to the Orcish Mines.
  8746 | D:9      | Noticed a two-headed ogre
  8754 | D:9      | Killed a two-headed ogre
  8755 | D:9      | Gained mutation: You have a pair of small antennae on your
                  | head. [demonic ancestry]
  8755 | D:9      | Reached XP level 11. HP: 66/85 MP: 9/15
  8997 | D:10     | Entered Level 10 of the Dungeon
  9296 | D:10     | Noticed a centaur warrior
  9302 | D:10     | HP: 1/85 [centaur warrior (7)]
  9303 | D:10     | Killed a centaur warrior
  9572 | D:10     | Found the +4 robe of Folly {Brill Will-∞ Int+8}
  9574 | D:10     | Noticed an obsidian statue
  9612 | D:10     | Noticed a sixfirhy
  9612 | D:10     | Noticed a soul eater
  9624 | D:10     | HP: 2/83 [sixfirhy[an obsidian statue] (12)]
  9624 | D:10     | Mangled by a sixfirhy

Illustrated notes

Levels and vault maps discovered:
D:1:      lemuel_arrival_river_ford, layout_basic, bh_walls_and_bars
D:2:      layout_basic
D:3:      layout_basic, kennysheep_generic_room_5, uniq_grinder
D:4:      layout_rooms, kennysheep_slug_shrine, minmay_misc_feat_room,
          minmay_misc_feat_more_columns, roderic_roman_lattice, lightli_minifort
D:5:      layout_cave_pools, uniq_pikel
D:6:      layout_cave_pods, gammafunk_temple_overflow_forgotten,
          kennysheep_generic_room_16, uniq_blork_the_orc
D:7:      layout_loops_corners, minmay_temple_entry_stoned_glass,
          roderic_lattice_a, minmay_misc_feat_x
D:8:      cheibrodos_histonic, layout_gridville, lair_entry_dummy
D:9:      layout_grid_maze, erik_orc_4, uniq_harold
D:10:     layout_stronghold, hex_tiny, minmay_protected_statue
Temple:   regret_index_temple_chain_breaker

Skill      XL: |  1  2  3  4  5  6  7  8  9 10 |
---------------+-------------------------------+-----
Long Blades    | 3 4 5 7 9 10 | 10.8
Dodging        | 3 4 5 6 7 |  7.3
Armour         | 2 3 4 5 |  5.2
Fighting       | 4 5 6 7 |  7.7
Conjurations   | 1 2 |  2.6
Spellcasting   | 1 2 |  2.9
Invocations    | 4 |  4.9

Action                     |  1- 3 |  4- 6 |  7- 9 | 10-12 || total
---------------------------+-------+-------+-------+-------++-------
  Melee: Falchion          |   107 |    70 |   297 |    22 ||   496
         Long sword        |       |       |       |   139 ||   139
   Cast: Magic Dart        |       |    12 |    10 |     3 ||    25
         Searing Ray       |       |       |     4 |     4 ||     8
 Invoke: Stomp             |       |       |       |     8 ||     8
    Use: Scroll            |     1 |     3 |     5 |     3 ||    12
         Potion            |       |     1 |     1 |     5 ||     7
   Stab: Paralysed         |       |       |     2 |    10 ||    12
         Distracted        |       |       |     1 |       ||     1
 Armour: Leather armour    |    40 |    20 |    41 |    24 ||   125
  Dodge: Dodged            |    98 |    77 |   266 |   249 ||   690

Table legend: (Time is in decaauts)
 A = Elapsed time spent in this place.
 B = Non-inter-level travel time spent in this place.
 C = Inter-level travel time spent in this place.
 D = Time resting spent in this place.
 E = Time spent auto-exploring this place.
 F = Levels seen in this place.
 G = Mean time per level.
                   A        B        C        D        E       F      G
               +--------+--------+--------+--------+--------+-----+--------+
         Total |   9653 |   8557 |   1096 |    117 |   6700 |  11 |  877.5 |
       Dungeon |   9561 |   8523 |   1038 |    117 |   6700 |  10 |  956.1 |
        Temple |     92 |     34 |     58 |      0 |      0 |   1 |   92.0 |
               +--------+--------+--------+--------+--------+-----+--------+

Top non-repeatable levels by time:
     D:9: 1598 daAuts
     D:8: 1272 daAuts
     D:1: 1197 daAuts
     D:6: 1034 daAuts
     D:7: 1033 daAuts
     D:4: 1011 daAuts
     D:3: 930 daAuts
     D:2: 680 daAuts
     D:5: 659 daAuts
    D:10: 141 daAuts
  Temple: 92 daAuts
